 Dungeon Sprint DCSS version 0.17-a0-1181-gabc46e6 (webtiles) character file.

14372 Kidiri the Peltast (level 12, -15/88 HPs)
             Began as a Gargoyle Fighter on May 31, 2015.
             Was the Champion of Qazlal.
             Killed from afar by a fire dragon (53 damage)
             ... with a blast of flame
             ... in the Dungeon (Sprint VII: "The Pits").
             The game lasted 00:23:17 (2679 turns).

Kidiri the Peltast (Gargoyle Fighter)               Turns: 2679, Time: 00:23:17

Health: -15/88     AC: 36    Str: 24    XL:     12   Next: 15%
Magic:  11/15      EV:  4    Int: 10    God:    Qazlal [******]
Gold:   67         SH:  0    Dex: 12    Spells: 0 memorised, 11 levels left

rFire  . . .     SeeInvis .     l - +2 mace
rCold  . . .     Clarity  .     u - +3 plate armour {rN+}
rNeg   + + .     SustAt   .     c - +0 shield
rPois  ∞         Gourm    .     (no helmet)
rElec  +         Spirit   .     (no cloak)
rCorr  .         Warding  .     (no gloves)
rMut   .         NoTele   +     v - +0 pair of boots
MR     .....                    (no amulet)
Stlth  ..........               k - +3 ring of dexterity
                                d - +3 ring of protection

@: protected from physical damage, held, repel missiles, not resistant to
hostile enchantments, extremely unstealthy
A: negative energy resistance 1, electricity resistance, unbreathing,
petrification resistance, rot immunity, AC +8
a: Upheaval, Elemental Force, Disaster Area, Renounce Religion


You were in the Dungeon.
You worshipped Qazlal.
Qazlal was exalted by your worship.
You were not hungry.

You visited 1 branch You collected 67 gold pieces.

Inventory:

Hand weapons
 l - a +2 mace (weapon)
 t - a +2 dire flail of protection
Armour
 c - a +0 shield (worn)
 u - a +3 plate armour of positive energy (worn)
 v - a +0 pair of boots (worn)
Jewellery
 d - a +3 ring of protection (left hand)
 k - a +3 ring of dexterity (right hand)
 w - an uncursed ring of protection from fire
 y - an uncursed ring of ice
Scrolls
 b - 10 scrolls of identify
 o - 5 scrolls of remove curse
 p - 5 scrolls of amnesia
 r - a scroll of fog
 x - a scroll of enchant weapon
Potions
 f - 8 potions of curing
 g - 10 potions of heal wounds
 h - 3 potions of haste
 i - 4 potions of magic
 j - 4 potions of berserk rage
 n - 2 potions of invisibility
 q - 2 potions of might
 s - 3 potions of cure mutation
Comestibles
 a - 40 fruits
 e - 8 bread rations
 m - 5 meat rations


   Skills:
 * Level 16.0 Fighting
 * Level 14.8 Maces & Flails
 * Level 16.0 Armour
 * Level 16.1 Shields
 + Level 4.5 Invocations


You had 11 spell levels left.
You didn't know any spells.

Dungeon Overview and Level Annotations

Branches:
Dungeon (1/1)

Altars:
Ashenzari
Cheibriados
Dithmenos
Elyvilon
Fedhas
Gozag
Kikubaaqudgha
Makhleb
Nemelex Xobeh
Okawaru
Qazlal
Ru
Sif Muna
Trog
Vehumet
Xom
Yredelemnul
Zin
The Shining One
Beogh
Jiyva
Lugonu

Annotations:
D Arachne


Innate Abilities, Weirdness & Mutations

You are resistant to torment.
Your stone body is resilient (AC +8).
You are immune to poison.
You resist negative energy.
You are resistant to electric shocks.
You can survive without breathing.
You are immune to petrification.
You are immune to rotting.


Message History

You block the harpy's attack. Arachne casts a spell at you.
The poison arrow hits you! You partially resist.
* * * LOW HITPOINT WARNING * * *
The warg bites you!
* * * LOW HITPOINT WARNING * * *
Arachne points her staff at you, shooting a stream of webbing.
The stream of webbing hits you!
You are caught in a web!
Drink which item? (? for menu, Esc to quit)
You feel much better. The harpy barely misses you. The harpy barely misses you.
The insubstantial wisp hits you but does no damage.
The warg bites you but does no damage.
Arachne stares at you and mumbles some strange words.
The poison arrow is repelled.
The poison arrow hits the rust devil.
The rust devil partially resists.
The rust devil is poisoned.
The fire dragon breathes flames at you.
The blast of flame hits the rust devil.
The rust devil completely resists.
The blast of flame hits you!
Ouch! That really hurt!
You die...

## #{# #H# #D# #§#
## # #4#h# .#
############@##..#
..........§v§H§..#
..........§.§....#
######''##########
##########''######
#............§...#
#......#..#§.....#
#................+
'................+


You could see Arachne, a fire dragon, a rust devil, a harpy, a warg and an
insubstantial wisp.

Vanquished Creatures
  A ghost moth (D)
  A yellow draconian (D)
  Josephine (D)
  A hydra (D)
  A merfolk avatar (D)
  2 centaur warriors (D)
  A death yak (D)
  A sea snake (D)
  An unseen horror (D)
  A swamp dragon (D)
  A lindwurm (D)
  2 harpies (D)
  An orc knight (D)
  A molten gargoyle (D)
  A spiny frog (D)
  A demonic crawler (D)
  A freezing wraith (D)
  2 trolls (D)
  A giant leech (D)
  A polar bear (D)
  Grinder (D)
  A bog body (D)
  A jumping spider (D)
  6 wraiths (D)
  A tarantella (D)
  2 redbacks (D)
  A deep elf fighter (D)
  A fire bat (D)
  A hungry ghost (D)
  2 steam dragons (D)
  An insubstantial wisp (D)
  A soldier ant (D)
  4 wolves (D)
  2 black bears (D)
  A centaur (D)
  An eye of draining (D)
  A big kobold (D)
  A giant frog (D)
  2 small abominations (D)
  5 killer bees (D)
  A crimson imp (D)
  An orc wizard (D)
  A worker ant (D)
  A hell rat (D)
  3 adders (D)
  2 giant eyeballs (D)
  An ufetubus (D)
  2 adder zombies (D)
  An adder skeleton (D)
  A worm (D)
  3 orcs (D)
  A bat zombie (D)
  A giant cockroach (D)
  2 jackals (D)
  A kobold (D)
  A giant gecko zombie (D)
  A giant newt (D)
  2 rats (D)
85 creatures vanquished.

Vanquished Creatures (collateral kills)
  An orc priest (D)
  A gnoll (D)
  2 orcs (D)
4 creatures vanquished.

Vanquished Creatures (others)
  An unseen horror (D)
  A water moccasin (D)
  A killer bee (D)
3 creatures vanquished.

Grand Total: 92 creatures vanquished

Notes
Turn   | Place    | Note
--------------------------------------------------------------
     0 | D        | Kidiri the Gargoyle Fighter began the quest for the Orb.
     0 | D        | Reached XP level 1. HP: 14/14 MP: 1/1
    27 | D        | Found a sacrificial altar of Ru.
    27 | D        | Found a basalt altar of Yredelemnul.
    27 | D        | Found a shadowy altar of Dithmenos.
    27 | D        | Found a deep blue altar of Sif Muna.
    27 | D        | Found a burning altar of Makhleb.
    27 | D        | Found a shimmering altar of Xom.
    27 | D        | Found an ancient bone altar of Kikubaaqudgha.
    27 | D        | Found a sparkling altar of Nemelex Xobeh.
    28 | D        | Found a glowing golden altar of the Shining One.
    28 | D        | Found a bloodstained altar of Trog.
    28 | D        | Found a shattered altar of Ashenzari.
    28 | D        | Found a white marble altar of Elyvilon.
    28 | D        | Found a snail-covered altar of Cheibriados.
    28 | D        | Found a blossoming altar of Fedhas.
    28 | D        | Found a radiant altar of Vehumet.
    28 | D        | Found a glowing silver altar of Zin.
    28 | D        | Found a corrupted altar of Lugonu.
    28 | D        | Found a viscous altar of Jiyva.
    28 | D        | Found a roughly hewn altar of Beogh.
    28 | D        | Found an iron altar of Okawaru.
    34 | D        | Found a stormy altar of Qazlal.
    34 | D        | Found an opulent altar of Gozag.
    38 | D        | Became a worshipper of Qazlal Stormbringer
    76 | D        | Paralysed by a giant eyeball for 2 turns
    81 | D        | Reached skill level 4 in Shields
    81 | D        | Reached XP level 2. HP: 18/20 MP: 2/2
    88 | D        | Acquired Qazlal's first power
   130 | D        | Reached XP level 3. HP: 10/24 MP: 3/3
   294 | D        | Noticed an orc priest
   298 | D        | Acquired Qazlal's second power
   313 | D        | Killed an orc priest
   313 | D        | Reached skill level 5 in Fighting
   313 | D        | Reached skill level 5 in Shields
   314 | D        | Reached skill level 5 in Armour
   319 | D        | Acquired Qazlal's third power
   325 | D        | Reached XP level 4. HP: 8/31 MP: 4/4
   590 | D        | Noticed a fire bat
   590 | D        | Noticed a hungry ghost
   590 | D        | Noticed Grinder
   593 | D        | Noticed a black bear
   601 | D        | Killed a fire bat
   601 | D        | Reached skill level 6 in Fighting
   601 | D        | Reached skill level 5 in Maces & Flails
   601 | D        | Reached skill level 7 in Shields
   601 | D        | Reached XP level 5. HP: 23/37 MP: 5/5
   622 | D        | Killed a hungry ghost
   622 | D        | Acquired Qazlal's fourth power
   622 | D        | Reached skill level 8 in Fighting
   622 | D        | Reached XP level 6. HP: 29/44 MP: 6/6
   633 | D        | Killed a black bear
   641 | D        | Paralysed by Grinder for 7 turns
   660 | D        | Paralysed by Grinder for 7 turns
   664 | D        | Killed Grinder
   664 | D        | Reached skill level 9 in Fighting
   664 | D        | Reached XP level 7. HP: 17/51 MP: 7/7
   881 | D        | Noticed a swamp dragon
   904 | D        | Killed a swamp dragon
   904 | D        | Reached skill level 10 in Fighting
   904 | D        | Reached skill level 10 in Armour
   904 | D        | Reached skill level 10 in Shields
   904 | D        | Reached XP level 8. HP: 47/57 MP: 8/8
   983 | D        | Noticed a centaur
   983 | D        | Noticed a big kobold
   983 | D        | Noticed a crimson imp
   983 | D        | Noticed a worker ant
   990 | D        | Killed a worker ant
   990 | D        | Acquired Qazlal's fifth power
  1002 | D        | Killed a big kobold
  1012 | D        | Killed a centaur
  1024 | D        | Killed a crimson imp
  1131 | D        | Noticed a black bear
  1131 | D        | Noticed a soldier ant
  1131 | D        | Noticed a sea snake
  1134 | D        | Killed a black bear
  1146 | D        | Killed a sea snake
  1146 | D        | Reached skill level 11 in Fighting
  1146 | D        | Reached skill level 10 in Maces & Flails
  1146 | D        | Reached XP level 9. HP: 33/64 MP: 9/9
  1147 | D        | Killed a soldier ant
  1408 | D        | Noticed a deep elf fighter
  1408 | D        | Paralysed by a giant eyeball for 3 turns
  1417 | D        | Paralysed by a giant eyeball for 3 turns
  1427 | D        | Killed a deep elf fighter
  1431 | D        | Noticed a wolf
  1432 | D        | Noticed a giant frog
  1432 | D        | Noticed a wolf
  1433 | D        | Noticed a wolf
  1434 | D        | Noticed a wolf
  1437 | D        | Killed a giant frog
  1438 | D        | Killed a wolf
  1443 | D        | Killed a wolf
  1443 | D        | Reached skill level 12 in Shields
  1446 | D        | Killed a wolf
  1450 | D        | Killed a wolf
  1552 | D        | Noticed a killer bee
  1553 | D        | Noticed a killer bee
  1554 | D        | Noticed a killer bee
  1555 | D        | Noticed a killer bee
  1555 | D        | Noticed a water moccasin
  1556 | D        | Noticed a killer bee
  1556 | D        | Noticed a steam dragon
  1557 | D        | Noticed a killer bee
  1557 | D        | Killed a killer bee
  1557 | D        | Killed a killer bee
  1559 | D        | Killed a killer bee
  1561 | D        | Killed a killer bee
  1565 | D        | Killed a water moccasin
  1565 | D        | Killed a killer bee
  1568 | D        | Killed a killer bee
  1571 | D        | Killed a steam dragon
  1572 | D        | Noticed a bog body
  1584 | D        | Killed a bog body
  1594 | D        | Killed an unseen horror
  1594 | D        | Reached XP level 10. HP: 35/72 MP: 10/10
  1804 | D        | Noticed a four-headed hydra
  1815 | D        | Killed a four-headed hydra
  1815 | D        | Reached skill level 13 in Fighting
  1833 | D        | Noticed a centaur warrior
  1835 | D        | Noticed a demonic crawler
  1836 | D        | Noticed a hell rat
  1836 | D        | Noticed a polar bear
  1837 | D        | Noticed a wraith
  1838 | D        | Noticed a wraith
  1840 | D        | Noticed a wraith
  1840 | D        | Killed a polar bear
  1840 | D        | Killed a hell rat
  1842 | D        | Noticed a merfolk avatar
  1845 | D        | Noticed a jumping spider
  1850 | D        | Noticed Josephine
  1857 | D        | Noticed a lindwurm
  1859 | D        | Noticed a wraith
  1861 | D        | Noticed a wraith
  1864 | D        | Noticed a tarantella
  1867 | D        | Noticed a death yak
  1868 | D        | Killed a demonic crawler
  1879 | D        | Killed a merfolk avatar
  1897 | D        | Killed Josephine
  1897 | D        | Reached skill level 14 in Shields
  1900 | D        | Killed a wraith
  1902 | D        | Noticed an eye of draining
  1905 | D        | Killed a lindwurm
  1905 | D        | Reached XP level 11. HP: 52/80 MP: 11/11
  1918 | D        | Killed a wraith
  1920 | D        | Killed a death yak
  1922 | D        | Killed a wraith
  1935 | D        | Killed a wraith
  1942 | D        | Killed a tarantella
  1962 | D        | Killed an eye of draining
  1978 | D        | Killed a wraith
  1985 | D        | Killed a jumping spider
  1987 | D        | Killed a centaur warrior
  1987 | D        | Reached skill level 15 in Shields
  2137 | D        | Noticed a centaur warrior
  2139 | D        | Noticed a redback
  2139 | D        | Noticed a giant leech
  2139 | D        | Noticed a steam dragon
  2139 | D        | Noticed a troll
  2139 | D        | Noticed a redback
  2140 | D        | Noticed a freezing wraith
  2141 | D        | Killed an unseen horror
  2142 | D        | Noticed a wraith
  2142 | D        | Noticed an orc wizard
  2143 | D        | Killed a redback
  2147 | D        | Noticed an orc knight
  2149 | D        | Killed a freezing wraith
  2149 | D        | Reached skill level 15 in Fighting
  2149 | D        | Killed a troll
  2149 | D        | Reached skill level 15 in Armour
  2149 | D        | Reached skill level 1 in Invocations
  2153 | D        | Noticed a troll
  2155 | D        | Killed a steam dragon
  2156 | D        | Killed a redback
  2161 | D        | Killed a giant leech
  2171 | D        | Killed a wraith
  2177 | D        | Killed a centaur warrior
  2180 | D        | Killed an orc knight
  2183 | D        | Killed a troll
  2190 | D        | Killed an orc wizard
  2553 | D        | Noticed an insubstantial wisp
  2553 | D        | Noticed a harpy
  2553 | D        | Noticed a harpy
  2553 | D        | Noticed a yellow draconian
  2553 | D        | Noticed a rust devil
  2554 | D        | Noticed a molten gargoyle
  2569 | D        | Noticed a spiny frog
  2570 | D        | Killed a ghost moth
  2577 | D        | Killed a spiny frog
  2579 | D        | Noticed Arachne
  2583 | D        | Noticed an insubstantial wisp
  2588 | D        | Noticed a fire dragon
  2593 | D        | Killed a molten gargoyle
  2596 | D        | Killed a harpy
  2596 | D        | Reached XP level 12. HP: 80/88 MP: 3/14
  2597 | D        | Noticed a warg
  2610 | D        | Killed an insubstantial wisp
  2611 | D        | Noticed a harpy
  2644 | D        | Noticed a vampire mage
  2653 | D        | Killed a yellow draconian
  2653 | D        | Reached skill level 16 in Shields
  2667 | D        | Killed a harpy
  2668 | D        | Noticed a harpy
  2679 | D        | Killed from afar by a fire dragon

Vault maps used:
D:        pitsprint

Action                   |  1- 3 |  4- 6 |  7- 9 | 10-12 || total
-------------------------+-------+-------+-------+-------++-------
Melee: Mace              |    44 |    46 |   107 |   323 ||   520
       Flail             |     5 |       |       |       ||     5
       Dire flail        |       |       |    29 |       ||    29
Invok: Elemental Force   |       |       |       |     1 ||     1
  Use: Scroll            |     2 |       |       |       ||     2
       Potion            |     1 |       |     2 |     6 ||     9
  Eat: Meat ration       |       |       |     1 |     1 ||     2
